 Dungeon Crawl Stone Soup version 0.29.1-15-g9cfb28693d (webtiles) character file.

Game seed: 18072157815484566359

1 Hugehornet the Covered (level 1, 13/14 HPs)
             Began as a Gargoyle Fighter on Mar 22, 2023.
             Quit the game on level 1 of the Dungeon.
             The game lasted 00:00:16 (56 turns).

Hugehornet the Covered (Gargoyle Fighter)             Turns: 56, Time: 00:00:17

Health: 13/14      AC:  9    Str: 19    XL:     1   Next: 20%
Magic:  1/1        EV:  9    Int:  8    God:
Gold:   0          SH:  4    Dex:  9    Spells: 0/0 levels left

rFire   . . .      SeeInvis .   a - +0 war axe
rCold   . . .      Faith    .   c - +0 buckler
rNeg    + . .      Spirit   .   b - +0 scale mail
rPois   ∞          Reflect  .   (no helmet)
rElec   +          Harm     .   (no cloak)
rCorr   .          Rampage  .   (no gloves)
Will    .....                   (no boots)
Stlth   ..........              (no amulet)
HPRegen 0.04/turn               (no ring)
MPRegen 0.07/turn               (no ring)

@: no status effects
A: sickness immunity, AC +2, negative energy resistance 1, electricity
resistance, torment resistance 1, petrification resistance
a: no special abilities


You were on level 1 of the Dungeon.
You visited 1 branch of the dungeon, and saw 1 of its levels.

Inventory:

Hand Weapons
 a - a +0 war axe (weapon)
Armour
 b - a +0 scale mail (worn)
 c - a +0 buckler (worn)
Potions
 d - a potion of might


   Skills:
 + Level 3.3 Fighting
 * Level 1.8 Axes
 * Level 3.3 Armour
 + Level 0.0 Dodging
 * Level 3.3 Shields
 + Level 0.0 Unarmed Combat
 + Level 0.0 Spellcasting


You couldn't memorise any spells.
You didn't know any spells.
Your spell library was empty.

Dungeon Overview and Level Annotations

Branches:
Dungeon (1/15)

Altars:


Innate Abilities, Weirdness & Mutations

You are immune to sickness and miasma.
Your stone body is resilient. (AC +2)
You are immune to poison.
You resist negative energy. (rN+)
You are resistant to electric shocks. (rElec)
You are resistant to unholy torment.
You are immune to petrification.


Message History

The kobold barely misses you. The frilled lizard barely misses you.
You hit the kobold.
The kobold is severely wounded.
You barely miss the frilled lizard. The kobold hits you but does no damage.
You block the frilled lizard's attack.
The frilled lizard bites you but does no damage.
The kobold hits you but does no damage.
You closely miss the kobold.
The kobold is severely wounded.
You closely miss the frilled lizard. The kobold hits you but does no damage.
The frilled lizard bites you but does no damage.
You barely miss the kobold.
The kobold is severely wounded.
You barely miss the frilled lizard. The kobold completely misses you.
The frilled lizard bites you. The kobold barely misses you.
The frilled lizard completely misses you.
You closely miss the kobold.
The kobold is severely wounded.
You completely miss the frilled lizard.
The frilled lizard bites you but does no damage.
The kobold closely misses you.
You slash the kobold!
You kill the kobold!
You closely miss the frilled lizard.
The frilled lizard bites you but does no damage. x2
You miss the frilled lizard. You block the frilled lizard's attack.
You barely miss the frilled lizard.
The frilled lizard bites you but does no damage.
The frilled lizard hisses.
You block the frilled lizard's attack.
You closely miss the frilled lizard. You block the frilled lizard's attack.
You barely miss the frilled lizard.
The frilled lizard closely misses you. x2
You miss the frilled lizard.
The frilled lizard bites you but does no damage.
You slash the frilled lizard!
You kill the frilled lizard!
No target in view!
No target in view!
Unknown command.
Are you sure you want to abandon this character and quit the game? (Confirm with "yes".)

#### #... #.# #...
#.# #...######### #.#
#..)@.......# #.#
#..†#######.#####.###
#.... #.......#..
#..... #.......#..
#!..... #..........
#...... #..........
#...... #......>###
#...... #########


There were no monsters in sight!

Vanquished Creatures
  A frilled lizard (D:1)
  A kobold (D:1)
2 creatures vanquished.

Notes
Turn   | Place    | Note
-------+----------+-------------------------------------------
     0 | D:1      | Hugehornet the Gargoyle Fighter began the quest for the
                  | Orb.
     0 | D:1      | Reached XP level 1. HP: 14/14 MP: 1/1
    56 | D:1      | Quit the game

Illustrated notes

Levels and vault maps discovered:
D:1:      saegor_arrival_simple_d, layout_basic,
          shapermc_ecumenical_altar_mp_highgroup, minmay_pentomino_o2

Action                   || total
-------------------------++-------
Melee: War axe           ||    13
Armor: Scale mail        ||    10
Dodge: Dodged            ||     9
Block: Buckler           ||     4
